 Dungeon Crawl Stone Soup version 0.25-a0-292-gaa31f046c4 (webtiles) character file.

Game seed: 4265463723493634251, levelgen mode: deterministic

104 MoonlitKnight the Poker (level 4, 0/35 HPs)
             Began as a Merfolk Skald on Dec 15, 2019.
             Slain by an orc
             ... wielding a +0 long sword
              (5 damage)
             ... on level 4 of the Dungeon.
             The game lasted 00:02:58 (2004 turns).

MoonlitKnight the Poker (Merfolk Skald)             Turns: 2004, Time: 00:02:58

Health: 0/35       AC:  3    Str: 12    XL:     4   Next: 80%
Magic:  1/7        EV: 13    Int: 12    God:
Gold:   91         SH:  0    Dex: 13    Spells: 1/7 levels left

rFire    . . .     SeeInvis .   a - +0 spear
rCold    . . .     Gourm    .   (no shield)
rNeg     . . .     Faith    .   b - +0 leather armour
rPois    .         Spirit   .   (no helmet)
rElec    .         Reflect  .   (no cloak)
rCorr    .         Harm     .   (no gloves)
MR       .....                  (no boots)
Stlth    +.........             (no amulet)
HPRegen  0.11/turn              (no ring)
MPRegen  0.10/turn              (no ring)

@: very slightly contaminated
A: change form in water, swift swim, stealthy swim
a: no special abilities


You were on level 4 of the Dungeon.
You were hungry.

You visited 1 branch of the dungeon, and saw 3 of its levels.

You collected 91 gold pieces.

Inventory:

Hand Weapons
 a - a +0 spear (weapon)
Missiles
 f - 53 sling bullets
Armour
 b - a +0 leather armour (worn)
Scrolls
 h - 2 scrolls of remove curse {unknown}
 i - 5 scrolls of identify {unknown}
 j - a scroll of amnesia {unknown}
Potions
 c - a potion of flight {unknown}
 e - a potion of curing {unknown}
 g - a potion of might {unknown}
Comestibles
 d - 4 rations


   Skills:
 + Level 3.2 Fighting
 * Level 5.4 Polearms
 - Level 0.6 Armour
 + Level 3.9 Dodging
 - Level 2.0 Spellcasting
 - Level 3.2 Charms


You had one spell level left.
You knew the following spells:

 Your Spells              Type           Power        Failure   Level  Hunger
a - Infusion              Chrm           #...         9%          1    ##.....
b - Shroud of Golubria    Chrm/Tloc      #.....       26%         2    ###....
c - Spectral Weapon       Hex/Chrm       #.......     47%         3    ####...

Your spell library contained the following spells:

 Spells                   Type           Power        Failure   Level  Hunger
 Song of Slaying          Chrm           #.......     14%         2    ###....
 Regeneration             Chrm/Necr      #.........   47%         3    ####...


Dungeon Overview and Level Annotations

Branches:
Dungeon (2/15)

Altars:

Annotations:
D:2 Natasha


Message History

You miscast Spectral Weapon.
You are very lightly contaminated with residual magic.
Nothing appears to happen.
The orc hits you but does no damage.
Casting: Spectral Weapon (slightly dangerous; 47% risk of failure)
Confirm with . or Enter, or press ? or * to list all spells.
You miscast Spectral Weapon.
Your skin tingles.
Casting: Spectral Weapon (slightly dangerous; 47% risk of failure)
Confirm with . or Enter, or press ? or * to list all spells.
You don't have enough magic to cast that spell.
You hit the orc.
The orc is heavily wounded.
The orc hits you with a +0 long sword!
* * * LOW HITPOINT WARNING * * *
Casting: Spectral Weapon (slightly dangerous; 47% risk of failure)
Confirm with . or Enter, or press ? or * to list all spells.
You don't have enough magic to cast that spell.
You closely miss the orc.
The orc is heavily wounded.
The orc hits you with a +0 long sword.
You die...

#.#######.# ######.###
#.# .........# #.# ###
.......#.# #.# ..
.##.####.## ##.## .#
#.......# #...# ##.##
#.#.##..###.#.####...#
#.#.##......#......#
..#......)..#.@o.#....#
######...#######(##.#.#
#.........#.)..##.# #
#..#......#.......#
#..#.##.#.#.#.#####
.......#o.......#.#
..#....####(#..##.#
##..## #..##.# ....
#..##.#


You could see an orc.

Vanquished Creatures
  A big kobold (D:4)
  An adder (D:2)
  An ooze (D:2)
  A worm (D:2)
  A ball python (D:4)
  2 bats
  2 giant cockroaches (D:2)
  4 hobgoblins
  A quokka (D:2)
  4 frilled lizards
  3 kobolds
  3 rats
24 creatures vanquished.

Notes
Turn   | Place    | Note
-------+----------+-------------------------------------------
     0 | D:1      | MoonlitKnight the Merfolk Skald began the quest for the
                  | Orb.
     0 | D:1      | Reached XP level 1. HP: 16/16 MP: 3/3
   653 | D:1      | Reached XP level 2. HP: 23/23 MP: 5/5
  1065 | D:2      | HP: 1/23 [worm (3)]
  1385 | D:2      | Reached skill level 4 in Polearms
  1626 | D:2      | Reached XP level 3. HP: 23/28 MP: 6/6
  1705 | D:2      | Noticed Natasha
  1846 | D:2      | Learned a level 2 spell: Shroud of Golubria
  1850 | D:2      | Learned a level 3 spell: Spectral Weapon
  1896 | D:2      | You fall into a shaft and drop 2 floors!
  1947 | D:4      | Noticed a big kobold
  1968 | D:4      | Killed a big kobold
  1968 | D:4      | Reached skill level 5 in Polearms
  1968 | D:4      | Reached XP level 4. HP: 12/35 MP: 7/7
  2004 | D:4      | Slain by an orc

Levels and vault maps discovered:
D:1:      dpeg_arrival_rooms_with_view, layout_basic
D:2:      layout_basic, uniq_natasha, uniq_robin
D:4:      layout_loops_ring, gammafunk_ghost_icy

Skill      XL: |  1  2  3 |
---------------+----------+-----
Dodging        | 3 |  3.9
Polearms       | 4 5 |  5.4
Fighting       | 3 |  3.2
Armour         | |  0.6
Spellcasting   | |  2.0
Charms         | |  3.2

Action                   |  1- 3 |  4- 6 || total
-------------------------+-------+-------++-------
Melee: Spear             |   123 |     2 ||   125
 Cast: Infusion          |     3 |       ||     3
 Stab: Sleeping          |     1 |       ||     1
  Eat: Chunk             |     3 |       ||     3
Armor: Leather armour    |    15 |     1 ||    16
Dodge: Dodged            |    51 |       ||    51

Table legend:
 A = Non-vault XP
 B = Vault XP
 C = Vault XP percentage of total XP
 D = Non-vault monster count
 E = Vault monster count
 F = Vault count percentage of total count
                 A         B        C        D         E       F
            +---------+---------+-------+---------+---------+-------
      Total |     145 |       4 |   2.7 |      22 |       2 |   8.3
            +---------+---------+-------+---------+---------+-------
        D:1 |       9 |       4 |  30.8 |       7 |       2 |  22.2
        D:2 |      39 |       0 |   0.0 |      13 |       0 |   0.0
        D:4 |      97 |       0 |   0.0 |       2 |       0 |   0.0
            +---------+---------+-------+---------+---------+-------
